 Dungeon Crawl Stone Soup version 0.30-a0-586-g23e55c9e0a (webtiles) character file.

Game seed: 1944830691074715991

35 wormed the Trooper (level 3, 34/34 HPs)
             Began as a Naga Fighter on Jan 3, 2023.
             Quit the game on level 1 of the Dungeon.
             The game lasted 00:01:29 (586 turns).

wormed the Trooper (Naga Fighter)                    Turns: 586, Time: 00:01:30

Health: 34/34      AC:  4    Str: 20    XL:     3   Next: 33%
Magic:  3/3        EV:  7    Int:  8    God:
Gold:   78         SH:  4    Dex: 10    Spells: 2/2 levels left

rFire   . . .      SeeInvis +    a - +0 war axe
rCold   . . .      Faith    .    c - +0 buckler
rNeg    . . .      Spirit   .    b - +0 scale mail
rPois   +          Reflect  .    (no helmet)
rElec   .          Harm     .    (no cloak)
rCorr   .          Rampage  .    (no gloves)
Will    .....                    (no barding) Stlth
                                 (no amulet)
HPRegen 0.25/turn                (no ring)
MPRegen 0.08/turn                (no ring)

@: very slow
A: AC +1, large, see invisible, deformed body, poison resistance, slowness 2,
spit poison 1, naga tail 1
a: Spit Poison


You were on level 1 of the Dungeon.
You visited 1 branch of the dungeon, and saw 1 of its levels.

You collected 78 gold pieces.

Inventory:

Hand Weapons
 a - a +0 war axe (weapon)
Armour
 b - a +0 scale mail (worn)
 c - a +0 buckler (worn)
Scrolls
 f - a scroll of immolation {unknown}
Potions
 d - a potion of might
 e - a potion of invisibility {unknown}
 g - a potion of attraction {unknown}


   Skills:
 + Level 3.2 Fighting
 * Level 2.7 Axes
 + Level 2.6 Armour
 + Level 1.6 Stealth
 + Level 2.9 Shields


You had 2 spell levels left.
You didn't know any spells.
Your spell library was empty.

Dungeon Overview and Level Annotations

Branches:
Dungeon (1/15)

Altars:


Innate Abilities, Weirdness & Mutations

Your serpentine skin is tough. (AC +1)
You have supernaturally acute eyesight. (SInv)
Armour fits poorly on your strangely shaped body.
Your system is resistant to poisons. (rPois)
You cover ground very slowly.
You can spit poison.
You have a snake-like lower body.


Message History

The kobold barely misses you.
You barely miss the kobold. The kobold barely misses you.
You barely miss the kobold. The kobold hits you but does no damage.
You barely miss the kobold. The kobold barely misses you.
The kobold hits you but does no damage.
You slash the kobold!
You kill the kobold!
No target in view!
You now have 61 gold pieces (gained 13).
A kobold comes into view. It is wielding a +0 whip.
The kobold shouts!
You see here 12 gold pieces.
A kobold is nearby!
A kobold is nearby!
A kobold is nearby!
You slash the kobold!
You kill the kobold!
No target in view!
You now have 73 gold pieces (gained 12).
You now have 78 gold pieces (gained 5).
A rat comes into view.
A rat is nearby!
A rat is nearby!
A rat is nearby!
The rat bites you but does no damage.
You slash the rat!
You kill the rat!
No target in view!
A bat comes into view.
The bat hits you but does no damage.
A bat is nearby!
A bat is nearby!
A bat is nearby!
The bat hits you but does no damage. x2
You hit the bat.
You kill the bat!
No target in view!
No target in view!
No target in view!
Are you sure you want to abandon this character and quit the game? (Confirm with "yes".)

.......... #.#
###.#...### #.#
#...#...# #.# ..#.#
# #.# ....# .# #.#
....##.#### #.#
........... # #.#
....##.#.###.#.##.##
............ #.†@..#
..........# #######
#.........+
#....>....#
#.........#
#....).†..#
######)#### #...#
#...#


There were no monsters in sight!

Vanquished Creatures
  2 dart slugs (D:1)
  3 ball pythons (D:1)
  5 bats (D:1)
  3 endoplasms (D:1)
  3 quokkas (D:1)
  3 frilled lizards (D:1)
  2 goblins (D:1)
  6 kobolds (D:1)
  2 rats (D:1)
29 creatures vanquished.

Notes
Turn   | Place    | Note
-------+----------+-------------------------------------------
     0 | D:1      | wormed the Naga Fighter began the quest for the Orb.
     0 | D:1      | Reached XP level 1. HP: 21/21 MP: 1/1
   129 | D:1      | Reached XP level 2. HP: 28/28 MP: 2/2
   156 | D:1      | Reached skill level 1 in Stealth
   400 | D:1      | Reached XP level 3. HP: 34/34 MP: 3/3
   586 | D:1      | Quit the game

Illustrated notes

Levels and vault maps discovered:
D:1:      tarquinn_simple_flora_water_b, layout_basic,
          shapermc_ecumenical_altar_petra, minmay_distorted

Skill      XL: |  1  2 |
---------------+-------+-----
Stealth        | 1 |  1.6
Fighting       | |  3.2
Axes           | |  2.7
Armour         | |  2.6
Shields        | |  2.9

Action                   || total
-------------------------++-------
Melee: War axe           ||    70
Armor: Scale mail        ||    38
Dodge: Dodged            ||    33
Block: Buckler           ||    16

Table legend: (Time is in decaauts)
 A = Elapsed time spent in this place.
 B = Non-inter-level travel time spent in this place.
 C = Inter-level travel time spent in this place.
 D = Time resting spent in this place.
 E = Time spent auto-exploring this place.
 F = Levels seen in this place.
 G = Mean time per level.
                   A        B        C        D        E       F      G
               +--------+--------+--------+--------+--------+-----+--------+
         Total |    779 |    779 |      0 |      0 |    588 |   1 |  779.0 |
       Dungeon |    779 |    779 |      0 |      0 |    588 |   1 |  779.0 |
               +--------+--------+--------+--------+--------+-----+--------+

Top non-repeatable levels by time:
     D:1: 779 daAuts
